 Dungeon Crawl Stone Soup version 0.29.0-4-gdea44cf6ec (webtiles) character file.

Game seed: 3229004599236475305

3566 qw the Cleaver (level 10, 0/64 HPs)
             Began as a Gargoyle Fighter on Sept 4, 2022.
             Was an Initiate of Okawaru.
             Slain by a gnoll sergeant
             ... wielding a +6 trident of freezing
              (6 damage)
             ... on level 8 of the Dungeon.
             The game lasted 00:03:46 (7295 turns).

qw the Cleaver (Gargoyle Fighter)                   Turns: 7295, Time: 00:03:46

Health: 0/64       AC: 29    Str: 24    XL:     10   Next: 9%
Magic:  10/10      EV:  7    Int:  9    God:    Okawaru [......]
Gold:   295        SH:  6    Dex:  9    Spells: 9/9 levels left

rFire   . . .      SeeInvis .   Y - +0 war axe (vorpal)
rCold   + . .      Faith    .   j - +2 buckler
rNeg    + . .      Spirit   .   n - +3 plate armour
rPois   inf        Reflect  .   (no helmet)
rElec   +          Harm     .   a - +1 cloak {Stlth+}
rCorr   .          Rampage  .   (no gloves)
Will    .....                   (no boots)
Stlth   ..........              (no amulet)
HPRegen 0.20/turn               h - +4 ring of protection
MPRegen 0.12/turn               e - ring of protection from cold

@: no status effects
A: sickness immunity, AC +7, negative energy resistance 1, electricity
resistance, torment resistance 1, petrification resistance
a: Renounce Religion


You were on level 8 of the Dungeon.
You worshipped Okawaru.
Okawaru was noncommittal.
You visited 2 branches of the dungeon, and saw 9 of its levels.

You collected 295 gold pieces.


Innate Abilities, Weirdness & Mutations

You are immune to sickness and miasma.
Your stone body is resilient. (AC +7)
You are immune to poison.
You resist negative energy. (rN+)
You are resistant to electric shocks. (rElec)
You are resistant to unholy torment.
You are immune to petrification.


   Skills:
 - Level 8.0 Fighting
 + Level 10.1 Axes
 - Level 6.0 Armour
 - Level 1.3 Dodging
 - Level 5.0 Shields


You had 9 spell levels left.
You didn't know any spells.
Your spell library was empty.

Inventory:

Hand Weapons
 c - a +0 flail of protection
 Y - a +0 vorpal war axe (weapon)
Armour
 a - a +1 cloak of stealth (worn)
 j - a +2 buckler (worn)
 n - a +3 plate armour (worn)
Jewellery
 b - the ring of the Cast Vote {rPois Will+ Str-3 Int+3}
   (You took it off a hobgoblin on level 4 of the Dungeon)

   [ring of poison resistance]

   Str:       It affects your strength (-3).
   Int:       It affects your intelligence (+3).
   rPois:     It protects you from poison.
   Will:      It increases your willpower.
 e - a ring of protection from cold (right hand)
 h - a +4 ring of protection (left hand)
Scrolls
 i - 2 scrolls of identify
Potions
 d - 2 potions of might
 k - a potion of curing
 p - a potion of mutation

Dungeon Overview and Level Annotations

Branches:
Dungeon (8/15)             Temple (1/1) D:7
   Lair: D:8-11

Altars:
Cheibriados
Dithmenos
Elyvilon
Fedhas
Gozag
Hepliaklqana
Kikubaaqudgha
Makhleb
Nemelex Xobeh
Okawaru
Qazlal
Ru
Sif Muna
Trog
Uskayaw
Vehumet
Wu Jian
Xom
Yredelemnul
Zin
The Shining One


Message History

The gnoll sergeant hits you from afar with a +6 trident of freezing.
The gnoll sergeant freezes you.
You hit the gnoll but do no damage.
The gnoll sergeant hits you from afar with a +6 trident of freezing!
The gnoll sergeant freezes you. The gnoll hits you but does no damage.
You slash the gnoll!
The gnoll is almost dead.
The gnoll sergeant hits you but does no damage.
You barely miss the gnoll.
The gnoll is almost dead.
The gnoll barely misses you.
The gnoll sergeant hits you but does no damage.
The gnoll sergeant hits you from afar with a +6 trident of freezing.
You slice the gnoll!!
You kill the gnoll!
Okawaru accepts your kill.
The gnoll sergeant hits you from afar with a +6 trident of freezing.
The gnoll sergeant freezes you.
You barely miss the wight.
The gnoll sergeant hits you but does no damage.
The wight hits you with a +0 dire flail.
You hit the wight but do no damage. The gnoll sergeant closely misses you.
You block the wight's attack.
You closely miss the wight. You block the wight's attack.
The gnoll sergeant hits you but does no damage.
You slash the wight!
The wight is severely damaged.
The wight hits you but does no damage. The gnoll sergeant barely misses you.
You slash the wight!
You destroy the wight!
Okawaru accepts your kill.
The gnoll sergeant hits you but does no damage.
The gnoll sergeant barely misses you.
Items here: $ %%%%%% ( ))))))))))) ? [[.
You barely miss the gnoll sergeant. The gnoll sergeant closely misses you.
You closely miss the gnoll sergeant.
The gnoll sergeant hits you with a +6 trident of freezing.
You die...

### ###.. #....
#### #...##.<#
#...#...#
#..#...#).##
#....@###
......g........
.....}..^......
...............
###.....#######
+#...#+ #...
#...


You could see a gnoll sergeant.

Vanquished Creatures
  An unseen horror (D:6)
  Sigmund (D:5)
  A wyvern (D:8)
  A steam dragon (D:7)
  A water moccasin (D:7)
  An ice beast (D:5)
  A black bear (D:7)
  2 ogres (D:7)
  A centaur (D:5)
  A kobold brigand (D:7)
  3 necrophages
  5 bullfrogs
  2 gnoll sergeants
  4 scorpions
  A wight (D:8)
  5 killer bees (D:8)
  4 howler monkeys
  A jelly (D:5)
  3 orc priests
  6 hounds
  4 iguanas
  4 orc wizards
  21 gnolls
  4 river rats (D:5)
  10 adders
  A shadow imp (D:7)
  A white imp (D:7)
  An ufetubus (D:3)
  3 worms
  2 dart slugs
  24 orcs
  4 giant cockroaches
  11 goblins
  6 hobgoblins
  7 quokkas
  8 ball pythons
  4 bats
  4 frilled lizards
  11 kobolds
  21 rats
196 creatures vanquished.

Notes
Turn   | Place    | Note
-------+----------+-------------------------------------------
     0 | D:1      | qw the Gargoyle Fighter began the quest for the Orb.
     0 | D:1      | Reached XP level 1. HP: 14/14 MP: 1/1
     0 | D:1      | 0 ||| qw: Version: 0.1-a-102-g441f92d
     0 | D:1      | 0 ||| qw: Game counter: 5369
     0 | D:1      | 0 ||| qw: Always use a shield: true
     0 | D:1      | 0 ||| qw: God list: Okawaru
     0 | D:1      | 0 ||| qw: Allow faded altars: false
     0 | D:1      | 0 ||| qw: Do Orc after D:15 true
     0 | D:1      | 0 ||| qw: Do second Lair branch before Depths: true
     0 | D:1      | 0 ||| qw: Lair rune preference: random
     0 | D:1      | 0 ||| qw: Plans: Normal
     0 | D:1      | 0 ||| PLANNING D:1-11
    94 | D:1      | Reached skill level 2 in Axes
   138 | D:1      | 138 ||| Stepping ~*~*~tactically~*~*~ (stealth).
   141 | D:1      | 141 ||| Stepping ~*~*~tactically~*~*~ (stealth).
   142 | D:1      | 142 ||| Stepping ~*~*~tactically~*~*~ (stealth).
   143 | D:1      | 143 ||| Stepping ~*~*~tactically~*~*~ (stealth).
   146 | D:1      | 146 ||| Stepping ~*~*~tactically~*~*~ (stealth).
   147 | D:1      | 147 ||| Stepping ~*~*~tactically~*~*~ (stealth).
   148 | D:1      | 148 ||| Stepping ~*~*~tactically~*~*~ (stealth).
   149 | D:1      | 149 ||| Stepping ~*~*~tactically~*~*~ (stealth).
   150 | D:1      | 150 ||| Stepping ~*~*~tactically~*~*~ (stealth).
   156 | D:1      | Reached XP level 2. HP: 18/19 MP: 2/2
   265 | D:1      | Found a faded altar of an unknown god.
   268 | D:1      | 268 ||| Stepping ~*~*~tactically~*~*~ (stealth).
   272 | D:1      | 272 ||| Stepping ~*~*~tactically~*~*~ (stealth).
   653 | D:1      | Reached skill level 3 in Axes
   671 | D:1      | 671 ||| UPGRADING to +4 ring of protection.
   672 | D:1      | 672 ||| READING scroll labelled MYXKOCEETT.
   723 | D:2      | Reached XP level 3. HP: 23/23 MP: 3/3
  1561 | D:2      | 1561 ||| READING scroll labelled AHOZXYOTYM.
  1562 | D:2      | 1562 ||| READING 2 scrolls labelled URGHUA UBAUV.
  1563 | D:2      | 1563 ||| READING scroll labelled ANNAIW TUHOEGGU.
  1614 | D:2      | 1614 ||| READING scroll labelled TIESETW SENEWO.
  1615 | D:2      | 1615 ||| READING scroll labelled IMUAHIJEGIA.
  1619 | D:3      | 1619 ||| STAIRDANCE
  1628 | D:3      | 1628 ||| STAIRDANCE
  1697 | D:3      | 1697 ||| DROPPING +0 whip.
  1764 | D:3      | Reached XP level 4. HP: 25/28 MP: 4/4
  1873 | D:3      | Reached skill level 4 in Axes
  1932 | D:3      | 1932 ||| Stepping ~*~*~tactically~*~*~ (hiding).
  2245 | D:3      | 2245 ||| UPGRADING to +0 plate armour.
  2255 | D:3      | 2255 ||| DROPPING +0 scale mail.
  2256 | D:3      | 2256 ||| READING 3 scrolls of enchant armour.
  2256 | D:3      | 2256 ||| ENCHANTING +0 plate armour.
  2257 | D:3      | 2257 ||| READING 2 scrolls of enchant armour.
  2257 | D:3      | 2257 ||| ENCHANTING +1 plate armour.
  2258 | D:3      | 2258 ||| READING scroll of enchant armour.
  2258 | D:3      | 2258 ||| ENCHANTING +2 plate armour.
  2259 | D:3      | 2259 ||| READING scroll labelled MOSKIELAWU.
  2260 | D:3      | 2260 ||| READING scroll labelled ALAUPRU HAFFU.
  2261 | D:3      | 2261 ||| DRINKING 2 murky amethyst potions.
  2262 | D:3      | 2262 ||| DROPPING potion of attraction.
  2280 | D:4      | 2280 ||| Stepping ~*~*~tactically~*~*~ (stealth).
  2300 | D:4      | Reached XP level 5. HP: 31/32 MP: 5/5
  2335 | D:4      | Reached skill level 5 in Axes
  2483 | D:4      | Reached XP level 6. HP: 37/37 MP: 6/6
  2498 | D:4      | Identified the ring of the Cast Vote {rPois Will+ Str-3
                  | Int+3}
  2507 | D:4      | 2507 ||| Stepping ~*~*~tactically~*~*~ (stealth).
  2556 | D:4      | 2556 ||| Stepping ~*~*~tactically~*~*~ (stealth).
  2655 | D:4      | 2655 ||| READING scroll of brand weapon.
  2655 | D:4      | 2655 ||| BRANDING +0 war axe of protection.
  2661 | D:4      | Found an opulent altar of Gozag.
  2722 | D:4      | 2722 ||| FLEEEEING.
  2723 | D:4      | 2723 ||| STAIRDANCE
  2825 | D:3      | 2825 ||| UPGRADING to ring of the Cast Vote {rPois Will+
                  | Str-3 Int+3}.
  2826 | D:3      | 2826 ||| DRINKING 2 blue potions.
  2927 | D:3      | 2927 ||| READING 3 scrolls of identify.
  2927 | D:3      | 2927 ||| IDENTIFYING murky inky potion
  2928 | D:3      | 2928 ||| READING 2 scrolls of identify.
  2928 | D:3      | 2928 ||| IDENTIFYING glowing golden potion
  2929 | D:3      | 2929 ||| DROPPING potion of ambrosia.
  2930 | D:3      | 2930 ||| DROPPING potion of flight.
  2931 | D:3      | 2931 ||| DROPPING potion of degeneration.
  2934 | D:4      | 2934 ||| STAIRDANCE
  2942 | D:4      | 2942 ||| STAIRDANCE
  2984 | D:4      | Reached skill level 6 in Axes
  2984 | D:4      | 2984 ||| STAIRDANCE
  3135 | D:4      | 3135 ||| UPGRADING to ring of protection from cold.
  3137 | D:4      | 3137 ||| READING scroll labelled YKORAA UVVEQIKK.
  3141 | D:4      | 3141 ||| DRINKING 2 golden potions.
  3160 | D:5      | Entered Level 5 of the Dungeon
  3180 | D:5      | Reached XP level 7. HP: 44/44 MP: 7/7
  3379 | D:5      | Reached skill level 7 in Axes
  3383 | D:5      | 3383 ||| DROPPING +0 flail.
  3533 | D:5      | 3533 ||| Stepping ~*~*~tactically~*~*~ (stealth).
  3544 | D:5      | 3544 ||| Stepping ~*~*~tactically~*~*~ (stealth).
  3545 | D:5      | 3545 ||| Stepping ~*~*~tactically~*~*~ (stealth).
  3564 | D:5      | 3564 ||| Stepping ~*~*~tactically~*~*~ (stealth).
  3573 | D:5      | Reached skill level 1 in Dodging
  3573 | D:5      | Reached XP level 8. HP: 47/49 MP: 8/8
  3892 | D:5      | Noticed Sigmund
  3904 | D:5      | Killed Sigmund
  3979 | D:5      | Found a hazy altar of Hepliaklqana.
  3980 | D:5      | Found a faded altar of an unknown god.
  4416 | D:5      | Reached skill level 8 in Axes
  4489 | D:5      | 4489 ||| READING scroll labelled ZORCHI EVVA.
  4490 | D:5      | 4490 ||| READING 2 scrolls of identify.
  4490 | D:5      | 4490 ||| IDENTIFYING cyan potion
  4491 | D:5      | 4491 ||| DROPPING potion of brilliance.
  4612 | D:6      | Found an ancient bone altar of Kikubaaqudgha.
  4621 | D:6      | 4621 ||| Stepping randomly (disturbance).
  4660 | D:6      | Killed an unseen horror
  4661 | D:6      | Reached skill level 6 in Fighting
  4933 | D:6      | Reached XP level 9. HP: 56/56 MP: 9/9
  5071 | D:6      | Found a snail-covered altar of Cheibriados.
  5088 | D:6      | Reached skill level 9 in Axes
  5090 | D:6      | 5090 ||| UPGRADING to +1 cloak of stealth.
  5095 | D:6      | 5095 ||| DRINKING 2 brown potions.
  5202 | D:6      | 5202 ||| Stepping randomly (stuck).
  5204 | D:6      | 5204 ||| Stepping randomly (stuck).
  5205 | D:6      | 5205 ||| Stepping randomly (stuck).
  5206 | D:6      | 5206 ||| Stepping randomly (stuck).
  5208 | D:6      | 5208 ||| Stepping randomly (stuck).
  5210 | D:6      | 5210 ||| Stepping randomly (stuck).
  5211 | D:6      | 5211 ||| Stepping randomly (stuck).
  5212 | D:6      | 5212 ||| Stepping randomly (stuck).
  5213 | D:6      | 5213 ||| Stepping randomly (stuck).
  5214 | D:6      | 5214 ||| Stepping randomly (stuck).
  5216 | D:6      | 5216 ||| Stepping randomly (stuck).
  5217 | D:6      | 5217 ||| Stepping randomly (stuck).
  5218 | D:6      | 5218 ||| Stepping randomly (stuck).
  5219 | D:6      | 5219 ||| Stepping randomly (stuck).
  5220 | D:6      | 5220 ||| Stepping randomly (stuck).
  5221 | D:6      | 5221 ||| Stepping randomly (stuck).
  5222 | D:6      | 5222 ||| Stepping randomly (stuck).
  5223 | D:6      | 5223 ||| Stepping randomly (stuck).
  5224 | D:6      | 5224 ||| Stepping randomly (stuck).
  5225 | D:6      | 5225 ||| Stepping randomly (stuck).
  5228 | D:6      | 5228 ||| Stepping randomly (stuck).
  5230 | D:6      | 5230 ||| Stepping randomly (stuck).
  5397 | D:6      | Found a shimmering blue altar of Sif Muna.
  5398 | D:6      | Found a radiant altar of Vehumet.
  5399 | D:6      | Found a hide-covered altar of Uskayaw.
  5445 | D:6      | 5445 ||| UPGRADING to +2 buckler.
  5455 | D:6      | 5455 ||| DROPPING +0 buckler.
  5621 | D:7      | 5621 ||| Stepping ~*~*~tactically~*~*~ (stealth).
  6026 | D:7      | Reached skill level 6 in Armour
  6598 | D:7      | 6598 ||| READING 5 scrolls of identify.
  6598 | D:7      | 6598 ||| IDENTIFYING lumpy grey potion
  6599 | D:7      | 6599 ||| READING 4 scrolls of identify.
  6599 | D:7      | 6599 ||| IDENTIFYING fizzy emerald potion
  6600 | D:7      | 6600 ||| READING 3 scrolls of identify.
  6600 | D:7      | 6600 ||| IDENTIFYING yellow potion
  6601 | D:7      | 6601 ||| DROPPING potion of lignification.
  6602 | D:7      | 6602 ||| DROPPING potion of berserk rage.
  6603 | D:7      | 6603 ||| Stepping randomly (stuck).
  6607 | D:7      | Found a staircase to the Ecumenical Temple.
  6608 | D:7      | 6608 ||| PLANNING TEMPLE
  6616 | Temple   | Entered the Ecumenical Temple
  6679 | Temple   | Became a worshipper of Warmaster Okawaru
  6814 | Temple   | 6814 ||| PLANNING D:1-11
  7017 | D:7      | 7017 ||| DROPPING +1 flail of holy wrath.
  7200 | D:8      | 7200 ||| Stepping ~*~*~tactically~*~*~ (stealth).
  7219 | D:8      | Reached skill level 10 in Axes
  7236 | D:8      | Reached XP level 10. HP: 28/64 MP: 10/10
  7243 | D:8      | 7243 ||| Stepping ~*~*~tactically~*~*~ (stealth).
  7251 | D:8      | HP: 12/64 [gnoll sergeant/+6 trident of freezing (9)]
  7252 | D:8      | 7252 ||| DRINKING 2 potions of heal wounds.
  7259 | D:8      | HP: 14/64 [gnoll sergeant/+6 trident of freezing (12)]
  7260 | D:8      | 7260 ||| DRINKING potion of heal wounds.
  7284 | D:8      | HP: 14/64 [gnoll sergeant/+6 trident of freezing (9)]
  7287 | D:8      | HP: 6/64 [gnoll sergeant/+6 trident of freezing (1)]
  7295 | D:8      | Slain by a gnoll sergeant

Levels and vault maps discovered:
D:1:      dpeg_arrival_stone_temple_mockup, layout_loops_cross,
          hellmonk_ecumenical_altar_arch_garden, minivault_24
D:2:      layout_basic, kennysheep_generic_room_6
D:3:      layout_rooms, minmay_shallow_snake_nest
D:4:      minmay_diamond_boxcup, layout_rooms, mainiacjoe_overflow_paths
D:5:      layout_basic, beargit_hepliaklqana_dungeon_heroes,
          wad_floor_pattern_2, dk_rats_in_the_wall
D:6:      layout_basic, chequers_temple_overflow_statue_of_worship,
          cheibrodos_worm_habitat, kennysheep_mini_moat
D:7:      layout_layer_cave, lemuel_temple_firewalk_a, minmay_fountain_box,
          kennysheep_generic_room_14
D:8:      layout_basic, grunt_ministairs_6
Temple:   eino_temple_water

Skill      XL: |  1  2  3  4  5  6  7  8  9 10 |
---------------+-------------------------------+-----
Axes           | 2 3 4 5 6 7 8 10 | 10.1
Fighting       | 4 5 6 8 |  8.0
Armour         | 4 6 |  6.0
Dodging        | 1 |  1.3
Shields        | 4 5 |  5.0

Action                   |  1- 3 |  4- 6 |  7- 9 | 10-12 || total
-------------------------+-------+-------+-------+-------++-------
Melee: War axe           |    94 |   138 |   312 |    55 ||   599
Throw: Boomerang         |    35 |     6 |       |       ||    41
  Use: Scroll            |     6 |     9 |     5 |       ||    20
       Potion            |       |     3 |     1 |     2 ||     6
Armor: Scale mail        |    56 |    19 |       |       ||    75
       Plate armour      |       |    86 |   237 |    51 ||   374
Dodge: Dodged            |    54 |    35 |    89 |    19 ||   197
Block: Buckler           |    20 |    21 |    66 |    19 ||   126

Table legend:
 A = Non-vault XP
 B = Vault XP
 C = Vault XP percentage of total XP
 D = Non-vault monster count
 E = Vault monster count
 F = Vault count percentage of total count
                 A         B        C        D         E       F
            +---------+---------+-------+---------+---------+-------
      Total |    4409 |     686 |  13.5 |     153 |      43 |  21.9
            +---------+---------+-------+---------+---------+-------
        D:1 |      31 |       0 |   0.0 |      18 |       0 |   0.0
        D:2 |      26 |       4 |  13.3 |      13 |       2 |  13.3
        D:3 |     110 |      18 |  14.1 |      20 |       5 |  20.0
        D:4 |     268 |     147 |  35.4 |      19 |       9 |  32.1
        D:5 |     743 |     294 |  28.4 |      21 |      22 |  51.2
        D:6 |    1042 |       5 |   0.5 |      14 |       1 |   6.7
        D:7 |    1294 |     125 |   8.8 |      29 |       2 |   6.5
        D:8 |     895 |      93 |   9.4 |      19 |       2 |   9.5
            +---------+---------+-------+---------+---------+-------
